 Dungeon Crawl Stone Soup version 0.29.0-4-gdea44cf6ec (webtiles) character file.

Game seed: 11207867993169797351

72 qw the Chopper (level 4, -7/26 HPs)
             Began as a Tengu Warper on Aug 28, 2022.
             Mangled by an ice beast (14 damage)
             ... on level 3 of the Dungeon.
             The game lasted 00:00:13 (2915 turns).

qw the Chopper (Tengu Warper)                       Turns: 2915, Time: 00:00:14

Health: -7/26      AC:  5    Str: 13 (14) XL:     4   Next: 25%
Magic:  8/8        EV: 10    Int: 12 (13) God:
Gold:   135        SH:  0    Dex: 11 (13) Spells: 7/7 levels left

rFire   . . .      SeeInvis .   Y - +2 hand axe
rCold   . . .      Faith    .   (no shield)
rNeg    . . .      Spirit   .   a - +0 ring mail
rPois   .          Reflect  .   (helmet restricted)
rElec   .          Harm     .   (no cloak)
rCorr   .          Rampage  .   (no gloves)
Will    .....                   (boots unavailable)
Stlth   +.........              (no amulet)
HPRegen 0.08/turn               (no ring)
MPRegen 0.11/turn               (no ring)

@: no status effects
A: beak, talons 3
a: no special abilities


You were on level 3 of the Dungeon.
You visited 1 branch of the dungeon, and saw 3 of its levels.

You collected 135 gold pieces.


Innate Abilities, Weirdness & Mutations

You have a beak for a mouth.
You have claws for feet.


   Skills:
 - Level 2.0 Fighting
 + Level 4.8 Axes
 - Level 1.0 Throwing
 - Level 1.1 Armour
 - Level 2.1 Dodging
 - Level 2.0 Spellcasting
 - Level 2.4 Translocations


You had 7 spell levels left.
You didn't know any spells.
Your spell library contained the following spells:

 Spells                   Type           Power      Damage    Failure   Level
 Blink                    Tloc           12%        N/A       32%         2
 Gell's Gravitas          Tloc           6%         N/A       54%         3
 Lesser Beckoning         Tloc           6%         N/A       54%         3
 Teleport Other           Tloc           6%         N/A       54%         3
 Manifold Assault         Tloc           6%         N/A       99%         5

Inventory:

Hand Weapons
 j - a +1 whip of venom
 Y - a +2 hand axe (weapon)
Armour
 a - a +0 ring mail (worn)
 b - a +0 chain mail
Scrolls
 h - a scroll of identify
Potions
 c - a potion of brilliance {unknown}
 d - a potion of mutation
 e - a potion of curing
 g - a potion of might {unknown}

Dungeon Overview and Level Annotations

Branches:
Dungeon (3/15)

Altars:
Nemelex Xobeh


Message History

You hit the ice beast but do no damage.
The ice beast is lightly wounded.
The ice beast hits you. The ice beast freezes you!
2906 ||| DRINKING potion of heal wounds.
You feel much better. The ice beast closely misses you.
You barely miss the ice beast.
The ice beast is lightly wounded.
The ice beast hits you but does no damage.
You hit the ice beast. You claw the ice beast.
The ice beast is lightly wounded.
The ice beast hits you. The ice beast freezes you!
Ouch! That really hurt!
You hit the ice beast. Your kick misses the ice beast.
The ice beast is moderately wounded.
The ice beast hits you but does no damage.
You barely miss the ice beast. Your kick misses the ice beast.
The ice beast is moderately wounded.
The ice beast hits you but does no damage.
You closely miss the ice beast. Your kick misses the ice beast.
You peck the ice beast.
The ice beast is moderately wounded.
The ice beast barely misses you.
You hit the ice beast but do no damage.
You claw the ice beast, but do no damage.
The ice beast is moderately wounded.
The ice beast hits you but does no damage.
You hit the ice beast. Your peck misses the ice beast.
The ice beast is severely wounded.
The ice beast closely misses you.
You hit the ice beast. Your kick misses the ice beast.
You peck the ice beast, but do no damage.
The ice beast is severely wounded.
The ice beast hits you but does no damage.
You slash the ice beast! Your kick misses the ice beast.
You peck the ice beast, but do no damage.
The ice beast is almost dead.
The ice beast hits you. The ice beast freezes you!
Ouch! That really hurt!
You die...

.. .. .. .# .#
.#
#######Y######
##.....@.......
##...#####.#####
########.....# #
#............#
#.######.....#
##.# ##...##
...# ##### ####


You could see an ice beast.

Vanquished Creatures
  An adder (D:2)
  3 dart slugs
  An orc (D:3)
  6 ball pythons
  5 endoplasms
  4 giant cockroaches
  5 goblins
  4 hobgoblins
  4 jackals (D:1)
  6 kobolds
  A quokka (D:1)
  4 frilled lizards
  3 rats (D:1)
47 creatures vanquished.

Vanquished Creatures (others)
  3 fungi (D:3)
3 creatures vanquished.

Grand Total: 50 creatures vanquished

Notes
Turn   | Place    | Note
-------+----------+-------------------------------------------
     0 | D:1      | qw the Tengu Warper began the quest for the Orb.
     0 | D:1      | Reached XP level 1. HP: 12/12 MP: 4/4
     0 | D:1      | 0 ||| qw: Version: 0.1-a-89-g26bdef1
     0 | D:1      | 0 ||| qw: Game counter: 1432
     0 | D:1      | 0 ||| qw: Always use a shield: true
     0 | D:1      | 0 ||| qw: God list: Okawaru
     0 | D:1      | 0 ||| qw: Allow faded altars: false
     0 | D:1      | 0 ||| qw: Do Orc after D:15 true
     0 | D:1      | 0 ||| qw: Do second Lair branch before Depths: true
     0 | D:1      | 0 ||| qw: Lair rune preference: random
     0 | D:1      | 0 ||| qw: Plans: Normal
     0 | D:1      | 0 ||| PLANNING D:1-11
   383 | D:1      | Reached XP level 2. HP: 14/17 MP: 6/6
   453 | D:1      | Reached skill level 3 in Axes
   786 | D:1      | 786 ||| Stepping ~*~*~tactically~*~*~ (stealth).
   789 | D:1      | 789 ||| Stepping ~*~*~tactically~*~*~ (stealth).
   790 | D:1      | 790 ||| Stepping ~*~*~tactically~*~*~ (stealth).
   795 | D:1      | 795 ||| Stepping ~*~*~tactically~*~*~ (stealth).
   972 | D:1      | Found a faded altar of an unknown god.
  1176 | D:1      | 1176 ||| Stepping ~*~*~tactically~*~*~ (stealth).
  1180 | D:1      | Reached XP level 3. HP: 21/21 MP: 7/7
  1285 | D:1      | 1285 ||| Stepping ~*~*~tactically~*~*~ (stealth).
  1288 | D:1      | 1288 ||| Stepping ~*~*~tactically~*~*~ (stealth).
  1397 | D:1      | Reached skill level 4 in Axes
  1616 | D:1      | 1616 ||| READING scroll labelled ZEYFE CIZE.
  1617 | D:1      | 1617 ||| READING scroll labelled CEUTIE SOIWAWN.
  1618 | D:1      | 1618 ||| READING scroll labelled XULOCYAPNA.
  1619 | D:1      | 1619 ||| READING scroll labelled UKUASU XAESOB.
  1620 | D:1      | 1620 ||| READING scroll labelled JIEMUANLIAMM.
  1621 | D:1      | 1621 ||| DRINKING 2 black potions.
  1622 | D:1      | 1622 ||| DROPPING scroll of blinking.
  1760 | D:2      | Found a sparkling altar of Nemelex Xobeh.
  1874 | D:2      | 1874 ||| Stepping ~*~*~tactically~*~*~ (stealth).
  2021 | D:2      | 2021 ||| Stepping ~*~*~tactically~*~*~ (hiding).
  2157 | D:2      | Reached XP level 4. HP: 15/26 MP: 8/8
  2207 | D:2      | 2207 ||| Stepping ~*~*~tactically~*~*~ (stealth).
  2208 | D:2      | 2208 ||| Stepping ~*~*~tactically~*~*~ (stealth).
  2342 | D:2      | 2342 ||| Stepping ~*~*~tactically~*~*~ (hiding).
  2615 | D:2      | 2615 ||| Stepping ~*~*~tactically~*~*~ (stealth).
  2689 | D:2      | 2689 ||| UPGRADING to +0 ring mail.
  2699 | D:2      | 2699 ||| DROPPING +0 leather armour.
  2700 | D:2      | 2700 ||| READING scroll labelled YMALUXKOREP.
  2701 | D:2      | 2701 ||| DRINKING 2 fizzy inky potions.
  2702 | D:2      | 2702 ||| DRINKING 2 bubbling emerald potions.
  2703 | D:2      | 2703 ||| READING 2 scrolls of identify.
  2703 | D:2      | 2703 ||| IDENTIFYING white potion
  2704 | D:2      | 2704 ||| DROPPING potion of degeneration.
  2771 | D:3      | 2771 ||| Stepping ~*~*~tactically~*~*~ (stealth).
  2868 | D:3      | 2868 ||| READING scroll of enchant weapon.
  2868 | D:3      | 2868 ||| ENCHANTING +1 hand axe.
  2899 | D:3      | Noticed an ice beast
  2905 | D:3      | HP: 3/26 [ice beast (9)]
  2906 | D:3      | 2906 ||| DRINKING potion of heal wounds.
  2915 | D:3      | Mangled by an ice beast

Levels and vault maps discovered:
D:1:      scummos_arrival_checkerplants, layout_loops_corners,
          shapermc_ecumenical_altar_notcrosses, st_stairs_9,
          amcnicky_mini_pool_small
D:2:      layout_basic, basic_altar, minmay_split_cup_small
D:3:      layout_loops_ring, mainiacjoe_overflow_24_doors,
          mainiacjoe_overflow_boulevard, uniq_terence

Skill      XL: |  1  2  3 |
---------------+----------+-----
Axes           | 3 4 |  4.8
Fighting       | |  2.0
Throwing       | |  1.0
Armour         | |  1.1
Dodging        | |  2.1
Spellcasting   | |  2.0
Translocations | |  2.4

Action                   |  1- 3 |  4- 6 || total
-------------------------+-------+-------++-------
Melee: Hand axe          |    90 |    31 ||   121
       Kick              |    21 |     7 ||    28
       Peck              |    16 |     7 ||    23
       Punch             |     1 |     1 ||     2
Throw: Boomerang         |    12 |       ||    12
  Use: Scroll            |     5 |     3 ||     8
       Potion            |     1 |     3 ||     4
Armor: Leather armour    |    19 |     2 ||    21
       Ring mail         |       |     9 ||     9
Dodge: Dodged            |    36 |     9 ||    45

Table legend:
 A = Non-vault XP
 B = Vault XP
 C = Vault XP percentage of total XP
 D = Non-vault monster count
 E = Vault monster count
 F = Vault count percentage of total count
                 A         B        C        D         E       F
            +---------+---------+-------+---------+---------+-------
      Total |      95 |       8 |   7.8 |      42 |       5 |  10.6
            +---------+---------+-------+---------+---------+-------
        D:1 |      43 |       3 |   6.5 |      23 |       2 |   8.0
        D:2 |      41 |       5 |  10.9 |      14 |       3 |  17.6
        D:3 |      11 |       0 |   0.0 |       5 |       0 |   0.0
            +---------+---------+-------+---------+---------+-------
